 Dungeon Crawl Stone Soup version 0.28.0-43-g3370ac3207 (console) character file.

Game seed: 14898228714039784089

431 Zeor the Sneak (level 7, 0/36 HPs)
             Began as a Vine Stalker Brigand on Mar 14, 2022.
             Slain by Menkaure (6 damage)
             ... on level 4 of the Dungeon.
             The game lasted 00:14:40 (3451 turns).

Zeor the Sneak (Vine Stalker Brigand)               Turns: 3451, Time: 00:14:41

Health: 0/36       AC:  4    Str: 13    XL:     7   Next: 0%
Magic:  0/8        EV: 13    Int: 11    God:
Gold:   113        SH:  0    Dex: 18    Spells: 6/6 levels left

rFire   . . .      SeeInvis .   a - +3 dagger
rCold   . . .      Faith    .   (no shield)
rNeg    . . .      Spirit   +   h - +0 robe
rPois   .          Reflect  .   (no helmet)
rElec   .          Harm     .   c - +0 cloak
rCorr   .          Rampage  .   (no gloves)
Will    .....                   l - +0 pair of boots
Stlth   ++++......              (no amulet)
HPRegen 0.92/turn               (no ring)
MPRegen 0.11/turn               (no ring)

@: no status effects
A: fangs 2, regeneration 1, magic shield, antimagic bite, no potion heal 2
a: no special abilities


You were on level 4 of the Dungeon.
You visited 1 branch of the dungeon, and saw 4 of its levels.

You collected 113 gold pieces.

Inventory:

Hand Weapons
 a - a +3 dagger (weapon)
 b - a +0 hunting sling of flaming
Missiles
 d - 9 poisoned darts (quivered)
 e - 2 curare-tipped darts
 g - 19 bolts
 p - 52 stones
 q - 6 boomerangs
Armour
 c - a +0 cloak (worn)
 h - a +0 robe (worn)
 l - a +0 pair of boots (worn)
Jewellery
 m - a ring of fire
Wands
 n - a wand of iceblast (7)
Scrolls
 f - a scroll of identify
 i - 2 scrolls of enchant weapon
Potions
 j - a potion of attraction
 k - a potion of cancellation


   Skills:
 * Level 3.5 Fighting
 + Level 3.3 Short Blades
 + Level 2.0 Throwing
 * Level 2.4 Dodging
 + Level 7.1 Stealth


You had 6 spell levels left.
You didn't know any spells.
Your spell library contained the following spells:

 Spells                   Type           Power      Damage    Failure   Level
 Beastly Appendage        Tmut           0%         N/A       34%         1
 Wereblood                Tmut           0%         N/A       47%         2
 Gell's Gravitas          Tloc           0%         N/A       71%         3
 Spider Form              Tmut/Pois      0%         N/A       71%         3
 Teleport Other           Tloc           0%         N/A       71%         3
 Dispersal                Tloc           0%         N/A       100%        6


Dungeon Overview and Level Annotations

Branches:
Dungeon (4/15)
 Temple: D:4-7

Altars:
Okawaru

Shops:
D:1 ?

Annotations:
D:3 Grinder, Sigmund
D:4 2 transporters, Menkaure


Innate Abilities, Weirdness & Mutations

You have extremely sharp teeth.
Your natural rate of healing is unusually fast.
When hurt, damage is shared between your health and your magic reserves.
Your bite disrupts and absorbs the magic of your enemies.
Potions cannot restore your health.


Message History

The scorpion stings you but does no damage.
You hit the scorpion but do no damage. Your bite misses the scorpion.
The scorpion is almost dead.
You kill the scorpion!
Your Throwing skill increases to level 2!
You have reached level 7!
You start resting.
HP restored.
d - 9 poisoned darts (gained 1)
You see here a scorpion corpse.
Menkaure shouts!
You hit Menkaure but do no damage. Your bite misses Menkaure.
Menkaure hits you!!
Ouch! That really hurt!
Okay, then.
Okay, then.
As you read the scroll labelled FAOPOCKIAMU, it crumbles to dust.
It is a scroll of amnesia.
You feel forgetful for a moment. Menkaure hits you.
You hit Menkaure.
Menkaure is moderately damaged.
You barely miss Menkaure. You bite Menkaure.
Menkaure's magic leaks into the air.
You drain his magic.
You feel invigorated.
Menkaure is moderately damaged.
Menkaure closely misses you.
You hit Menkaure. Your bite misses Menkaure.
Menkaure is moderately damaged.
Menkaure barely misses you.
You hit Menkaure.
Menkaure is heavily damaged.
Menkaure's magic is no longer disrupted.
You hit Menkaure.
Menkaure is severely damaged.
Menkaure hits you!!
* * * LOW HITPOINT WARNING * * *
You hit Menkaure. You bite Menkaure.
Menkaure's magic leaks into the air.
You drain his magic.
You feel invigorated.
Menkaure is almost destroyed.
Menkaure hits you!
You die...

▒∙∙∙∙∙∙∙∙∙∙▒
∙▒▒∙∙∙∙∙∙∙∙∙∙▒▒▒▒▒▒▒▒▒▒
∙∙∙∙∙∙∙∙∙∙∙∙†∙∙∙∙∙∙∙∙∙
▒∙∙∙∙∙∙∙∙∙∙▒▒∙▒▒▒∙▒▒
▒∙∙∙∙∙∙∙∙∙∙▒▒∙▒
▒▒▒∙∙∙∙∙∙∙∙∙∙▒▒∙▒
∙∙∙∙∙∙∙∙▒▒▒▒▒▒▒∙▒ ∙∙∙
▒▒∙▒▒▒▒∙▒ ▒∙▒ ▒∙▒ ▒f▒
▒∙▒ ▒∙▒ ▒ ▒M▒ ▒▒▒▒▒∙▒
▒∙▒∙▒■ ▒∙∙
▒∙∙∙∙∙▒▒▒∙▒∙∙∙
▒▒∙▒▒∙∙∙∙∙∙∙∙∙∙∙∙∙
▒∙∙▒▒▒∙∙∙▒▒▒∙▒▒∙∙
▒∙∙∙∙∙Ω∙∙∙∙<∙∙∙∙
▒∙(▒▒▒▒▒▒▒∙∙∙)∙∙
▒∙∙▒8∙Ω∙8▒∙∙▒∙▒▒
▒∙∙▒P∙/∙P▒∙∙∙∙▒


You could see Menkaure (magic disrupted).

Vanquished Creatures
  A necrophage (D:3)
  A scorpion (D:4)
  A water moccasin zombie (D:3)
  A jelly (D:4)
  Jessica (D:3)
  Terence (D:2)
  5 adders
  2 worms
  4 dart slugs
  An orc (D:3)
  8 endoplasms
  4 giant cockroaches
  8 goblins
  6 hobgoblins
  11 jackals
  5 quokkas
  7 ball pythons
  4 bats
  6 frilled lizards
  8 kobolds
  10 rats
95 creatures vanquished.

Vanquished Creatures (others)
  A withered plant (D:3)
1 creature vanquished.

Grand Total: 96 creatures vanquished

Notes
Turn   | Place    | Note
-------+----------+-------------------------------------------
     0 | D:1      | Zeor the Vine Stalker Brigand began the quest for the Orb.
     0 | D:1      | Reached XP level 1. HP: 11/11 MP: 2/2
    38 | D:1      | Reached skill level 1 in Dodging
    60 | D:1      | Reached skill level 5 in Stealth
   242 | D:1      | Reached XP level 2. HP: 13/15 MP: 3/3
   679 | D:1      | Reached XP level 3. HP: 12/18 MP: 4/4
   869 | D:1      | Found Lytt's Magic Scroll Boutique.
   879 | D:1      | Found a faded altar of an unknown god.
  1348 | D:2      | Gained mutation: Your natural rate of healing is unusually
                  | fast. [Vine Stalker growth]
  1348 | D:2      | Reached XP level 4. HP: 8/23 MP: 3/5
  1642 | D:2      | Noticed Terence
  1646 | D:2      | Killed Terence
  1680 | D:2      | Found an iron altar of Okawaru.
  1705 | D:2      | Reached XP level 5. HP: 23/28 MP: 6/6
  2108 | D:3      | Noticed Sigmund
  2225 | D:3      | Noticed a necrophage
  2244 | D:3      | Killed a necrophage
  2245 | D:3      | Reached skill level 6 in Stealth
  2509 | D:3      | Reached XP level 6. HP: 32/32 MP: 7/7
  2973 | D:3      | Noticed Grinder
  3101 | D:3      | Noticed Jessica
  3119 | D:3      | Killed Jessica
  3240 | D:4      | Found a transporter.
  3369 | D:4      | Found a transporter.
  3382 | D:4      | Reached skill level 7 in Stealth
  3401 | D:4      | Noticed Menkaure
  3424 | D:4      | Reached XP level 7. HP: 27/36 MP: 6/8
  3451 | D:4      | Slain by Menkaure

Illustrated notes

Levels and vault maps discovered:
D:1:      dpeg_arrival_court, layout_rooms, shapermc_ecumenical_altar_venn,
          serial_shops, shop
D:2:      layout_basic, basic_altar, uniq_terence
D:3:      minmay_chambers_of_twos, layout_loops_ring, serial_undead,
          serial_undead_f, serial_undead_e, serial_undead_f, serial_undead_f,
          serial_undead_b, grunt_ministairs_4,
          nicolae_concentric_dashed_squares_mild, uniq_jessica, uniq_sigmund,
          uniq_grinder
D:4:      gammafunk_steamed_eel, layout_basic, roderic_roman_lattice,
          uniq_menkaure

Skill      XL: |  1  2  3  4  5  6 |
---------------+-------------------+-----
Dodging        | 1 2 |  2.4
Stealth        | 5 6 7 |  7.1
Short Blades   | 2 3 |  3.3
Fighting       | 2 3 |  3.5
Throwing       | 2 |  2.0

Action                   |  1- 3 |  4- 6 |  7- 9 || total
-------------------------+-------+-------+-------++-------
Melee: Dagger            |   110 |   125 |     7 ||   242
       Bite              |    20 |    31 |     2 ||    53
       Punch             |     5 |     2 |       ||     7
Throw: Dart              |     6 |     3 |       ||     9
       Throwing net      |       |     1 |       ||     1
       Boomerang         |       |     2 |       ||     2
  Use: Scroll            |     2 |     4 |     1 ||     7
       Potion            |       |     2 |       ||     2
 Stab: Sleeping          |     7 |    17 |       ||    24
       Distracted        |       |     1 |       ||     1
       Held in net/web   |       |     1 |       ||     1
Armor: Robe              |    19 |    16 |       ||    35
Dodge: Dodged            |    52 |    42 |     2 ||    96
